 Dungeon Crawl Stone Soup version 0.31-a0-532-g28f74ba3e5 (webtiles) character file.

Game seed: 7608042589481758192

254 pokeman the Magician (level 5, -2/29 HPs)
             Began as a Deep Elf Hedge Wizard on Aug 12, 2023.
             Was an Initiate of Vehumet.
             Slain by a gnoll sergeant
             ... wielding a +0 trident
              (15 damage)
             ... on level 5 of the Dungeon.
             The game lasted 00:04:56 (4651 turns).

pokeman the Magician (Deep Elf Hedge Wizard)        Turns: 4651, Time: 00:04:56

Health: -2/29      AC:  4    Str:  7    XL:     5   Next: 91%
Magic:  13/16      EV: 13    Int: 21    God:    Vehumet [......]
Gold:   270        SH:  0    Dex: 17    Spells: 5/17 levels left

rFire   . . .        l - +2 hand axe (freeze)
rCold   . . .        (no shield)
rNeg    + . .        b - +0 robe
rPois   .            c - +0 hat
rElec   .            (no cloak)
rCorr   +            t - +0 pair of gloves {Dex+3}
SInv    .            k - +0 pair of boots
Will    .....        (no amulet)
Stlth   ++           e - ring of positive energy
HPRegen 0.24/turn    n - ring of resist corrosion
MPRegen 0.15/turn

%: no passive effects
@: no status effects
A: no striking features
a: Renounce Religion


You were on level 5 of the Dungeon.
You worshipped Vehumet.
Vehumet was noncommittal.
You visited 2 branches of the dungeon, and saw 6 of its levels.

You collected 270 gold pieces.

Inventory:

Hand Weapons
 l - a +2 hand axe of freezing (weapon)
Armour
 b - a +0 robe (worn)
 c - a +0 hat (worn)
 k - a +0 pair of boots (worn)
 t - a +0 pair of gloves of dexterity (worn)
Jewellery
 e - a ring of positive energy (left hand)
 n - a ring of resist corrosion (right hand)
 s - a +6 ring of strength
Wands
 r - a wand of flame (24)
Scrolls
 a - 2 scrolls of poison {unknown}
 g - 2 scrolls of summoning {unknown}
 h - 3 scrolls of teleportation {unknown}
 i - 2 scrolls of enchant weapon {unknown}
 m - 2 scrolls of identify {unknown}
 p - a scroll of vulnerability {unknown}
 v - a scroll of immolation {unknown}
 w - 3 scrolls of fog {unknown}
Potions
 d - a potion of magic
 f - 2 potions of heal wounds {unknown}
 j - a potion of resistance {unknown}
 o - a potion of enlightenment {unknown}
 q - a potion of mutation {unknown}
 u - 2 potions of curing {unknown}


   Skills:
 + Level 1.0 Fighting
 - Level 1.0 Armour
 - Level 3.0 Dodging
 - Level 3.0 Stealth
 * Level 6.5 Spellcasting
 + Level 3.0 Conjurations
 + Level 1.1 Summonings
 - Level 1.1 Translocations
 - Level 1.0 Air Magic
 - Level 1.1 Poison Magic
 - Level 1.2 Evocations


You had 5 spell levels left.
You knew the following spells:

 Your Spells              Type           Power      Damage    Failure   Level
a - Magic Dart            Conj           76%        1d6       2%          1
b - Mephitic Cloud        Conj/Pois/Air  14%        N/A       14%         3
c - Call Imp              Summ           22%        N/A       9%          2
d - Blink                 Tloc           22%        N/A       9%          2
e - Iskenderun's Mystic   Conj/Tloc      15%        2d5       36%         4

Your spell library contained the following spells:

 Spells                   Type           Power      Damage    Failure   Level
 Sandblast                Erth           12%        2d6       10%         1
 Slow                     Hex            24%        N/A       10%         1
 Cigotuvi's Dreadful Rot  Necr/Pois/Air  18%        N/A       11%         2
 Passwall                 Tmut/Erth      5%         N/A       14%         2
 Sublimation of Blood     Necr           6%         N/A       14%         2
 Wereblood                Tmut           6%         N/A       14%         2
 Stone Arrow              Conj/Erth      26%        3d8       16%         3
 Portal Projectile        Hex/Tloc       18%        N/A       22%         3
 Tukima's Dance           Hex            6%         N/A       28%         3
 Haunt                    Necr/Summ      4%         N/A       100%        7
 Summon Hydra             Summ           5%         N/A       100%        7
 Borgnjor's Revivificati  Necr           3%         N/A       100%        8
 Death's Door             Necr           3%         N/A       100%        9


Dungeon Overview and Level Annotations

Branches:
Dungeon (5/15)             Temple (1/1) D:5

Altars:
Dithmenos
Fedhas
Gozag
Hepliaklqana
Kikubaaqudgha
Makhleb
Okawaru
Qazlal
Ru
Trog
Uskayaw
Vehumet
Wu Jian
Xom
Yredelemnul

Shops:
D:4 [[(


Message History

The black bear is lightly wounded.
The black bear is engulfed in noxious fumes.
Unknown command.
The black bear is engulfed in noxious fumes.
The black bear appears confused.
The black bear is engulfed in noxious fumes.
A gnoll sergeant comes into view. It is wielding a +0 trident.
There is a staircase to the Ecumenical Temple here.
You climb downwards.
Welcome back to the Ecumenical Temple!
There is a staircase back to the Dungeon here.
You start resting.
Magic restored.
You climb upwards.
Welcome back to the Dungeon!
The phantom hits you. The gnoll hits you with a +0 club.
There is a staircase to the Ecumenical Temple here.
Unknown command.
Casting: Mephitic Cloud (quite dangerous; 14% risk of failure)
Confirm with . or Enter, or press ? or * to list all spells.
You blink.
A gnoll comes into view. It is wielding a +0 club.
The gnoll sergeant shouts!
Unknown command.
The phantom attacks as you move away! The phantom hits you.
The black bear bites the plant.
The plant begins to die.
The black bear claws the plant. x2
The phantom attacks as you move away! The phantom misses you.
You feel stable enough to blink again.
A gnoll comes into view. It is wielding a +0 club.
The gnoll sergeant closely misses you.
The gnoll sergeant hits you from afar with a +0 trident!
The gnoll shouts!
The phantom attacks as you move away! The phantom misses you.
The phantom attacks as you move away! The phantom misses you.
Casting: Blink (safe; 9% risk of failure)
Confirm with . or Enter, or press ? or * to list all spells.
A tiny devil pulls itself out of the air.
The gnoll hits you with a +0 club.
The gnoll sergeant hits you from afar with a +0 trident!
Ouch! That really hurt!
You die...

### ### #<# #.#
#.######.#
#........#
########5# #.# #@#
#g# ###g#####...
#.Wh........ ####
#g#g#####.##
#....##...........
..................
#....##...........
#.... #.....g...#.


You could see a black bear, a phantom, a gnoll sergeant, 2 gnolls and a friendly
cerulean imp (summoned).

Vanquished Creatures
  A bullfrog (D:5)
  A jelly (D:4)
  An orc wizard (D:4)
  6 adders
  8 orcs
  5 bats
  5 endoplasms
  2 giant cockroaches
  10 goblins
  8 hobgoblins
  3 quokkas
  7 ball pythons
  4 frilled lizards
  6 kobolds
  2 rats
69 creatures vanquished.

Notes
Turn   | Place    | Note
-------+----------+-------------------------------------------
     0 | D:1      | pokeman the Deep Elf Hedge Wizard began the quest for the
                  | Orb.
     0 | D:1      | Reached XP level 1. HP: 10/10 MP: 7/7
   367 | D:1      | Reached XP level 2. HP: 16/16 MP: 6/9
  1200 | D:2      | Reached skill level 5 in Spellcasting
  1329 | D:2      | Reached XP level 3. HP: 15/20 MP: 3/11
  1333 | D:2      | Learned a level 3 spell: Mephitic Cloud
  1336 | D:2      | Learned a level 2 spell: Call Imp
  1339 | D:2      | Learned a level 2 spell: Blink
  1532 | D:2      | Reached skill level 1 in Fighting
  1918 | D:2      | Found a faded altar of an unknown god.
  2081 | D:3      | Reached skill level 1 in Armour
  2244 | D:3      | Reached XP level 4. HP: 25/25 MP: 7/13
  2249 | D:3      | Learned a level 4 spell: Iskenderun's Mystic Blast
  2445 | D:3      | Found a shadowy altar of Dithmenos.
  2568 | D:3      | Found a hide-covered altar of Uskayaw.
  2771 | D:3      | Found a shimmering altar of Xom.
  3146 | D:4      | Found Qesuank's Antique Weapon Boutique.
  3175 | D:4      | Found Yromn's Armour Emporium.
  3198 | D:4      | Found a hazy altar of Hepliaklqana.
  3514 | D:4      | Found Ywosas's Armour Emporium.
  3525 | D:4      | Reached XP level 5. HP: 29/29 MP: 10/15
  3598 | D:4      | Found an iron altar of Okawaru.
  3603 | D:4      | Reached skill level 6 in Spellcasting
  4430 | D:5      | Entered Level 5 of the Dungeon
  4448 | D:5      | Found a staircase to the Ecumenical Temple.
  4457 | Temple   | Entered the Ecumenical Temple
  4470 | Temple   | Became a worshipper of Vehumet
  4554 | D:5      | Noticed a black bear
  4556 | D:5      | Noticed a phantom
  4559 | D:5      | Reached skill level 1 in Air Magic
  4559 | D:5      | Reached skill level 1 in Poison Magic
  4559 | D:5      | Reached skill level 1 in Evocations
  4651 | D:5      | Slain by a gnoll sergeant

Illustrated notes

Levels and vault maps discovered:
D:1:      dpeg_arrival_three_bigger_balls, layout_loops_ring, solitary_fountain,
          minmay_misc_feat_four_crosses, minivault_25
D:2:      layout_loops_ring, ebering_ecumenical_altar_box, fountainhead
D:3:      layout_basic, mainiacjoe_overflow_surrounded_room,
          grunt_dithmenos_smoke_and_mirrors, amcnicky_altar_gilded
D:4:      layout_basic, nicolae_hepliaklqana_hazy_memory,
          kennysheep_okawaru_gauntlet, serial_shops, shop, shop, shop,
          dreamdust_mushroom_princess
D:5:      layout_basic, minmay_temple_entry_overgrown, serial_shops,
          nicolae_shop_just_a_little_nook, grunt_ministairs_9,
          nicolae_shop_unique_rings, uniq_ijyb
Temple:   hellmonk_temple_beads

Skill      XL: |  1  2  3  4  5 |
---------------+----------------+-----
Spellcasting   | 5 6 |  6.5
Fighting       | 1 |  1.0
Conjurations   | 2 3 |  3.0
Armour         | 1 |  1.0
Dodging        | 3 |  3.0
Stealth        | 3 |  3.0
Air Magic      | 1 |  1.0
Poison Magic   | 1 |  1.1
Evocations     | 1 |  1.2
Summonings     | |  1.1
Translocations | |  1.1

Action                     |  1- 3 |  4- 6 || total
---------------------------+-------+-------++-------
  Melee: Hand axe          |       |    27 ||    27
   Cast: Magic Dart        |    89 |    87 ||   176
         Mephitic Cloud    |       |     2 ||     2
         Blink             |       |     1 ||     1
         Call Imp          |       |     1 ||     1
   Stab: Sleeping          |       |     2 ||     2
 Armour: Robe              |     3 |    12 ||    15
  Dodge: Dodged            |     7 |    25 ||    32

Table legend: (Time is in decaauts)
 A = Elapsed time spent in this place.
 B = Non-inter-level travel time spent in this place.
 C = Inter-level travel time spent in this place.
 D = Time resting spent in this place.
 E = Time spent auto-exploring this place.
 F = Levels seen in this place.
 G = Mean time per level.
                   A        B        C        D        E       F      G
               +--------+--------+--------+--------+--------+-----+--------+
         Total |   4658 |   4537 |    121 |     68 |   4008 |   6 |  776.3 |
       Dungeon |   4561 |   4440 |    121 |      0 |   4008 |   5 |  912.2 |
        Temple |     97 |     97 |      0 |     68 |      0 |   1 |   97.0 |
               +--------+--------+--------+--------+--------+-----+--------+

Top non-repeatable levels by time:
     D:4: 1298 daAuts
     D:1: 1146 daAuts
     D:3: 1072 daAuts
     D:2: 917 daAuts
     D:5: 126 daAuts
  Temple: 97 daAuts
